 Dungeon Crawl Stone Soup version 0.31-a0-145-g046c7d2549 (webtiles) character file.

Game seed: 8187980590816162453

56 Faragor the Magician (level 3, 0/19 HPs)
             Began as a Deep Elf Hedge Wizard on June 6, 2023.
             Slain by a gnoll
             ... wielding a +0 club
              (5 damage)
             ... on level 3 of the Dungeon.
             The game lasted 00:03:57 (3113 turns).

Faragor the Magician (Deep Elf Hedge Wizard)        Turns: 3113, Time: 00:03:58

Health: 0/19       AC:  3    Str:  7    XL:     3   Next: 69%
Magic:  8/11       EV: 12    Int: 25    God:
Gold:   180        SH:  0    Dex: 11    Spells: 11/12 levels left

rFire   . . .        a - +0 dagger
rCold   . . .        (no shield)
rNeg    . . .        m - +0 robe of Somur {Int+5 Dex-3 Archmagi}
rPois   .            c - +0 hat
rElec   .            (no cloak)
rCorr   .            n - +0 pair of gloves
SInv    .            (no boots)
Will    .....        f - amulet of regeneration
Stlth   ++           (no ring)
HPRegen 1.03/turn    (no ring)
MPRegen 0.12/turn

%: archmagi
@: no status effects
A: no striking features
a: no special abilities


You were on level 3 of the Dungeon.
You visited 1 branch of the dungeon, and saw 3 of its levels.

You collected 180 gold pieces.

Inventory:

Hand Weapons
 a - a +0 dagger (weapon)
Armour
 b - a +0 robe
 c - a +0 hat (worn)
 m - the +0 robe of Somur (worn) {Int+5 Dex-3 Archmagi}
   (You found it on level 2 of the Dungeon)

   Int:       It affects your intelligence (+5).
   Dex:       It affects your dexterity (-3).
   Archmagi:  It increases the power of your magical spells.
 n - a +0 pair of gloves (worn)
Jewellery
 e - an amulet of guardian spirit
 f - an amulet of regeneration (around neck)
Scrolls
 h - a scroll of immolation {unknown}
 i - 2 scrolls of identify {unknown}
 j - a scroll of fog {unknown}
Potions
 d - a potion of magic
 g - a potion of curing {unknown}
 k - 2 potions of mutation {unknown}
 l - a potion of degeneration {unknown}


   Skills:
 - Level 2.5 Dodging
 + Level 3.0 Stealth
 * Level 5.2 Spellcasting
 + Level 1.9 Conjurations
 + Level 1.7 Summonings
 + Level 1.8 Translocations


You had 11 spell levels left.
You knew the following spells:

 Your Spells              Type           Power      Damage    Failure   Level
a - Magic Dart            Conj           96%        1d7       3%          1

Your spell library contained the following spells:

 Spells                   Type           Power      Damage    Failure   Level
 Blink                    Tloc           48%        N/A       5%          2
 Call Imp                 Summ           44%        N/A       6%          2
 Slow                     Hex            36%        N/A       9%          1
 Cigotuvi's Dreadful Rot  Necr/Pois/Air  18%        N/A       12%         2
 Mephitic Cloud           Conj/Pois/Air  14%        N/A       19%         3


Dungeon Overview and Level Annotations

Branches:
Dungeon (3/15)

Altars:


Message History

Casting: Magic Dart (safe; 3% risk of failure)
Confirm with . or Enter, or press ? or * to list all spells.
Aiming: Magic Dart (safe; 3% risk of failure)
Press: ? - help, Shift-Dir - straight line, f/p - bat
Aim: a bat (severely wounded, 100% to hit)
You feel a surge of power!
The magic dart hits the bat.
You kill the bat!
Your Stealth skill increases to level 3!
Casting: Magic Dart (safe; 3% risk of failure)
Confirm with . or Enter, or press ? or * to list all spells.
Aiming: Magic Dart (safe; 3% risk of failure)
Press: ? - help, Shift-Dir - straight line, f - gnoll
Aim: a gnoll, wielding a +0 club (100% to hit)
You feel a surge of power!
You miscast Magic Dart.
You are very lightly contaminated with residual magic.
Nothing appears to happen.
Casting: Magic Dart (safe; 3% risk of failure)
Confirm with . or Enter, or press ? or * to list all spells.
Aiming: Magic Dart (safe; 3% risk of failure)
Press: ? - help, Shift-Dir - straight line, f/p - gnoll
Aim: a gnoll, wielding a +0 club (100% to hit)
You feel a surge of power!
The magic dart hits the gnoll but does no damage.
The gnoll shouts!
Casting: Magic Dart (safe; 3% risk of failure)
Confirm with . or Enter, or press ? or * to list all spells.
Aiming: Magic Dart (safe; 3% risk of failure)
Press: ? - help, Shift-Dir - straight line, f/p - gnoll
Aim: a gnoll, wielding a +0 club (100% to hit)
You feel a surge of power!
The magic dart hits the gnoll but does no damage.
The gnoll shouts!
The gnoll hits you with a +0 club.
Your magical contamination has completely faded away.
The gnoll attacks as you move away! The gnoll hits you with a +0 club.
The gnoll hits you with a +0 club. The gnoll hits you with a +0 club.
* * * LOW HITPOINT WARNING * * *
The gnoll attacks as you move away! The gnoll hits you with a +0 club.
You die...

#.. #..# #..# #..# .. #..##
....############# #...
.....†...g.g.g..# #.######..
....###########g####.<.....>.
.. #.@............
###############


You could see 2 gnolls.

Vanquished Creatures
  An adder (D:2)
  6 bats
  4 endoplasms
  5 giant cockroaches
  4 goblins
  4 hobgoblins
  3 kobolds
  5 quokkas
  4 ball pythons (D:1)
  3 frilled lizards
  3 rats
42 creatures vanquished.

Notes
Turn   | Place    | Note
-------+----------+-------------------------------------------
     0 | D:1      | Faragor the Deep Elf Hedge Wizard began the quest for the
                  | Orb.
     0 | D:1      | Reached XP level 1. HP: 10/10 MP: 7/7
   554 | D:1      | Reached XP level 2. HP: 15/15 MP: 6/9
  1863 | D:1      | Reached XP level 3. HP: 19/19 MP: 6/11
  2189 | D:2      | Reached skill level 5 in Spellcasting
  2232 | D:2      | Identified the +0 robe of Somur {Int+5 Dex-3 Archmagi}
  3113 | D:3      | Slain by a gnoll

Illustrated notes

Levels and vault maps discovered:
D:1:      psy_arrival_whirlpool, layout_basic, serial_park_tiny_1,
          minmay_quantized
D:2:      layout_basic, minmay_misc_feat_square
D:3:      layout_loops_ring, mainiacjoe_overflow_paths, cheibrodos_worm_habitat,
          serial_shops, nicolae_shop_tiny_waterfront, shop

Skill      XL: |  1  2  3 |
---------------+----------+-----
Spellcasting   | 5 |  5.2
Stealth        | 3 |  3.0
Dodging        | |  2.5
Conjurations   | |  1.9
Summonings     | |  1.7
Translocations | |  1.8

Action                     || total
---------------------------++-------
  Melee: Dagger            ||    21
         Punch             ||     1
   Cast: Magic Dart        ||    91
    Use: Potion            ||     1
 Armour: Robe              ||     6
  Dodge: Dodged            ||    21

Table legend: (Time is in decaauts)
 A = Elapsed time spent in this place.
 B = Non-inter-level travel time spent in this place.
 C = Inter-level travel time spent in this place.
 D = Time resting spent in this place.
 E = Time spent auto-exploring this place.
 F = Levels seen in this place.
 G = Mean time per level.
                   A        B        C        D        E       F      G
               +--------+--------+--------+--------+--------+-----+--------+
         Total |   3113 |   3090 |     23 |    953 |   1913 |   3 | 1037.7 |
       Dungeon |   3113 |   3090 |     23 |    953 |   1913 |   3 | 1037.7 |
               +--------+--------+--------+--------+--------+-----+--------+

Top non-repeatable levels by time:
     D:1: 2142 daAuts
     D:2: 917 daAuts
     D:3: 53 daAuts
